 Dungeon Crawl Stone Soup version 0.30-a0-304-gdc4b735fe1 (webtiles) character file.

Game seed: 16807211381050092606

1757452 ardl the Invulnerable (level 27, 291/292 HPs)
             Began as an Armataur Wanderer on Oct 10, 2022.
             Was a High Priest of Trog.
             Escaped with the Orb
             ... and 3 runes on Oct 20, 2022!
             The game lasted 02:58:51 (65503 turns).

ardl the Invulnerable (Armataur Wanderer)          Turns: 65503, Time: 02:58:51

Health: 291/292    AC: 65    Str: 35    XL:     27
Magic:  15/15      EV:  8    Int: 12    God:    Trog [*****.]
Gold:   2191       SH: 16    Dex: 15    Spells: 27/28 levels left

rFire   + + +      SeeInvis +    H - +8 eveningstar (flame)
rCold   + . .      Faith    .    X - +1 kite shield {rF+}
rNeg    + + .      Spirit   .    i - +9 gold dragon scales
rPois   +          Reflect  .    S - +2 helmet of the Past {rElec Regen+ Dex+3}
rElec   +          Harm     .    R - +2 cloak
rCorr   +          Roll     +    w - +2 pair of gloves of Saig {Rampage rElec MP-9}
Will    ++...                    K - +7 barding of Dogma {rElec rN++ rCorr MP-9 Dex+2}
Stlth   ..........               o - amulet of regeneration
HPRegen 2.28/turn                j - ring "Pixtunugus" {MP+9 AC+4 Str+10 Slay+2, =R}
MPRegen 0.14/turn                F - ring of Luimeute {rF+ Str+2 Int-5 Slay+3 SInv}

@: mildly poisoned (291 -> 288), studying Short Blades
A: large, rugged brown scales 3, deformed body, armoured tail, roll, long
tongue, awkward tongue, clumsy 1, deterioration 1, mutation resistance 1, weak
1, subdued magic 1
0: Orb of Zot
}: 3/15 runes: decaying, serpentine, silver
a: Renounce Religion, Berserk, Trog's Hand, Brothers in Arms


You escaped.
You worshipped Trog.
Trog was extremely pleased with you.
You visited 10 branches of the dungeon, and saw 49 of its levels.
You also visited: Sewer, Gauntlet, Ice Cave and Wizlab.

You collected 10690 gold pieces.
You spent 8499 gold pieces at shops.

Inventory:

Hand Weapons
 H - a +8 eveningstar of flaming (weapon)
Missiles
 b - 20 boomerangs (quivered)
 u - 21 curare-tipped darts
 M - 23 silver boomerangs
 O - 18 javelins
 Q - 6 poisoned darts
 V - 3 throwing nets
Armour
 i - +9 gold dragon scales (worn)
 w - the +2 pair of gloves of Saig (worn) {Rampage rElec MP-9}
   (You found it on level 4 of the Dungeon)

   rElec:     It insulates you from electricity.
   MP:        It affects your magic capacity (-9).
   Rampage:   It bestows one free step when moving towards enemies.
 K - the +7 barding of Dogma (worn) {rElec rN++ rCorr MP-9 Dex+2}
   (You acquired it in a Gauntlet)

   Dex:       It affects your dexterity (+2).
   rElec:     It insulates you from electricity.
   rN:        It greatly protects you from negative energy.
   MP:        It affects your magic capacity (-9).
   rCorr:     It protects you from acid and corrosion.
 R - a +2 cloak (worn)
 S - the +2 helmet of the Past (worn) {rElec Regen+ Dex+3}
   (You found it on level 5 of the Vaults)

   Dex:       It affects your dexterity (+3).
   rElec:     It insulates you from electricity.
   Regen:     It increases your rate of health regeneration.
 X - a +1 kite shield of fire resistance (worn)
Jewellery
 j - the ring "Pixtunugus" (left hand) {MP+9 AC+4 Str+10 Slay+2, =R}
   (You bought it in a shop on level 3 of the Snake Pit)

   [ring of protection]

   AC:        It affects your AC (+4).
   Str:       It affects your strength (+10).
   Slay:      It affects your accuracy & damage with ranged weapons and melee
   (+2).
   MP:        It affects your magic capacity (+9).
 k - the ring of Xausuefa {+Blink rN+ Str+4 Int-5 Dex+4}
   (You found it on level 3 of the Crypt)

   [ring of positive energy]

   Str:       It affects your strength (+4).
   Int:       It affects your intelligence (-5).
   Dex:       It affects your dexterity (+4).
   rN:        It protects you from negative energy.
   +Blink:    It lets you blink.
 o - an amulet of regeneration (around neck)
 C - the ring of the Hare {EV+8}
   (You bought it in a shop on level 3 of the Snake Pit)

   [ring of evasion]

   EV:        It affects your evasion (+8).
 F - the ring of Luimeute (right hand) {rF+ Str+2 Int-5 Slay+3 SInv}
   (You bought it in a shop on level 3 of the Snake Pit)

   [ring of see invisible]

   Str:       It affects your strength (+2).
   Int:       It affects your intelligence (-5).
   Slay:      It affects your accuracy & damage with ranged weapons and melee
   (+3).
   rF:        It protects you from fire.
   SInv:      It lets you see invisible.
 I - the ring "Vauqan" {rC+ Will+ Str+4}
   (You found it in an ice cave)

   [ring of protection from cold]

   Str:       It affects your strength (+4).
   rC:        It protects you from cold.
   Will:      It increases your willpower.
Wands
 p - a wand of mindburst (28)
 y - a wand of quicksilver (23)
 z - a wand of roots (52)
 A - a wand of flame (37)
 D - a wand of digging (15)
 L - a wand of polymorph (18)
 N - a wand of paralysis (25)
Scrolls
 f - 2 scrolls of silence
 g - 10 scrolls of fear
 r - 8 scrolls of butterflies
 s - 3 scrolls of magic mapping
 t - 17 scrolls of teleportation
 v - 10 scrolls of poison
 B - 8 scrolls of blinking
 P - 6 scrolls of immolation
 T - 6 scrolls of vulnerability
 Y - 3 scrolls of summoning
Potions
 a - 17 potions of mutation
 d - 8 potions of might
 e - 7 potions of berserk rage
 h - 5 potions of haste
 l - 18 potions of heal wounds
 m - 8 potions of ambrosia
 n - 3 potions of resistance
 q - 14 potions of curing
 x - 5 potions of cancellation
 E - 4 potions of invisibility
 G - 11 potions of attraction
Miscellaneous
 c - a condenser vane
 J - a phantom mirror
 U - a tin of tremorstones (2/2)
 W - a phial of floods
 Z - a box of beasts


   Skills:
 O Level 27 Fighting
 - Level 15.8(16.0) Maces & Flails
 - Level 3.3(10.8) Staves
 - Level 1.0 Throwing
 O Level 27 Armour
 - Level 10.1 Dodging
 - Level 1.1 Stealth
 - Level 18.0 Shields
 - Level 1.0 Spellcasting
 - Level 2.0 Translocations
 + Level 21.5 Evocations


You had 27 spell levels left.
You knew the following spells:

 Your Spells              Type           Power      Damage    Failure   Level
g - Apportation           Tloc           8%         N/A       54%         1

Your spell library contained the following spells:

 Spells                   Type           Power      Damage    Failure   Level
 Vhi's Electric Charge    Tloc/Air       4%         N/A       97%         3
 Manifold Assault         Tloc           4%         N/A       100%        4
 Passage of Golubria      Tloc           4%         N/A       100%        4
 Arcjolt                  Conj/Air       0%         1d10      100%        5
 Maxwell's Capacitive Co  Air            0%         ∞         100%        8


Dungeon Overview and Level Annotations

Branches:
Dungeon (15/15)            Temple (0/1) D:7            Lair (5/5) D:11
  Swamp (4/4) Lair:2        Snake (4/4) Lair:3        Slime (0/5) Lair:4
    Orc (2/2) D:10            Elf (2/3) Orc:2        Vaults (5/5) D:14
  Crypt (3/3) Vaults:2       Tomb (0/3) Crypt:3      Depths (4/4) D:15
    Zot (5/5) Depths:4      Sewer (visited)           IceCv (visited)
 WizLab (visited)         Gauntlet (visited)

Altars:
Cheibriados
Elyvilon
Fedhas
Gozag
Kikubaaqudgha
Makhleb
Okawaru
Sif Muna
Trog
Uskayaw
Xom
Yredelemnul
Zin
The Shining One
Jiyva

Shops:
D:3 *   D:6 [   Orc:2 *?((!   Elf:1 !   Elf:2 [   Snake:3 =(=(=   Vaults:1 [
Vaults:2 [:((*   Vaults:3 *   Vaults:5 ?   Depths:2 =[=

Portals:
Hell: Depths:1 Depths:2 Depths:3 Depths:4
Abyss: Depths:1 Depths:2 Depths:3
Pandemonium: Depths:1 Depths:2
Ziggurat: Depths:3
Trove: Vaults:1 (give +3 shadow dragon scales)

Annotations:
Lair:4 1 runed translucent door
Snake:3 3 runed translucent doors, Holoquod's ghost, adept MiMo
Elf:2 3 runed translucent doors
Zot:5 3 runed translucent doors, 1 exclusion, Bealaq's ghost, legendary GnFE


Innate Abilities, Weirdness & Mutations

You are completely covered in rugged brown scales. (AC +3, +7% HP)
Armour fits poorly on your strangely shaped body.
You have a long armoured tail.
You roll when moving toward enemies. (Rampage)
Your long tongue fully drains potion bottles. (2x potion effects)
Your tongue gives you trouble enunciating. (1.5x scroll delay)
You are clumsy. (Dex -2)
Your body sometimes deteriorates upon taking damage.
You are somewhat resistant to further mutation.
You are weak. (Str -2)
Your spells are a little easier to cast, but a little less powerful.


Message History

The Executioner seems to speed up.
You flatten the Executioner like a pancake!!!
You kill the Executioner!
Trog accepts your kill.
No target in view!
No target in view!
No target in view!
A demonspawn warmonger comes into view.
It is wielding a +2 demon blade of venom and wearing a +0 tower shield of protection.
The demonspawn warmonger mumbles some strange prayers to its god against you.
Your magic feels tainted.
A rock wall.
This square is covered in magical glow.
The rock shatters into small pieces.
You enter the shallow water.
Moving in this stuff is going to be slow.
The demonspawn warmonger attacks as you move away!
The demonspawn warmonger hits you but does no damage.
You are poisoned.
You block the demonspawn warmonger's attack.
The demonspawn warmonger gores you but does no damage.
You feel sick.
You take 2 damage, and have 290/292 hp.
You feel sick.
You feel sick.
The demonspawn warmonger attacks as you move away!
The demonspawn warmonger hits you but does no damage.
You are more poisoned.
The demonspawn warmonger claws you but does no damage.
The demonspawn warmonger gores you but does no damage.
You feel sick.
You take 1 damage, and have 290/292 hp.
Your magic seems less tainted.
You feel sick.
There is a staircase leading out of the dungeon here.
You feel sick.
The demonspawn warmonger hits you but does no damage.
You are more poisoned.
You block the demonspawn warmonger's attack.
The demonspawn warmonger gores you but does no damage.
You have escaped!

#.###.# #.##.# #†# #.#####
#.##..# #.##.#####.# #.#
#.##.#####.##.#.....#######.#
#.##.###....###8'8###.......#
....†......##≈≈~.~≈≈##..###.#
#.##.####.##~≈~.P.~~≈##.# #.#
#.##.# ###≈~P..8..P~≈### #.#
#.##.# #≈~~.......~~~# #.#
#.##.## #≈P.8..@6.8.P≈####.#
#.#...## #≈~~.......~~~.....##
#......####≈≈P..8..P~≈####...####
#.........##~≈~.P.≈≈≈##.........#
##......#..##≈≈~.~~≈##..##...##.#
##...#.....###8+8###...###.###.#
##.########.##.###....# #.# #.#
#.# #.##..##...####.###.#
#.########.###............†...


You could see a demonspawn warmonger.

Vanquished Creatures
  5 orbs of fire
  3 ancient liches
  A juggernaut (Depths:3)
  Boris (Vaults:5)
  Sojobo (Depths:3)
  2 Killer Klowns (Zot:5)
  Saint Roka (Vaults:3)
  A curse toe (Zot:5)
  A profane servitor (Depths:1)
  7 golden dragons
  A bone dragon (Depths:4)
  3 electric golems
  6 tentacled monstrosities
  A hellephant (Depths:3)
  A shard shrike skeleton (Crypt:2)
  A moon troll (WizLab)
  A lich (Depths:4)
  22 Orb Guardians
  5 titans
  6 quicksilver dragons
  6 tentacled starspawn (WizLab)
  2 Executioners
  9 sphinxes
  Kirke (D:13)
  2 ancient champions
  4 death cobs
  3 thorn hunters (Swamp:4)
  6 tengu reavers
  4 draconian monks
  4 draconian knights
  3 azure jellies (IceCv)
  11 storm dragons
  The ghost of jejorda2 the Phalangite, an adept MfBe of Trog (Orc:2)
  A rockslime (IceCv)
  2 revenants (Crypt:3)
  8 shadow dragons
  13 nagarajas
  8 fire giants
  18 vault wardens
  2 iron dragons
  3 frost giants
  5 draconian shifters
  6 draconian scorchers
  2 deep elf sorcerers
  A balrug (Depths:3)
  Aizul (Snake:3)
  3 curse skulls
  3 cacodemons
  An angel (Depths:3)
  10 ghouls
  2 caustic shrike zombies (Crypt:3)
  3 draconian stormcallers
  3 spectral caustic shrikes (Depths:1)
  2 orc warlords (Vaults:4)
  4 quicksilver oozes (IceCv)
  A deep elf elementalist (Elf:2)
  4 ironbound thunderhulks
  A war gargoyle (D:14)
  3 draconian annihilators
  14 ironbound preservers
  A reaper (Crypt:3)
  32 very ugly things
  3 juggernaut skeletons
  7 starcursed masses (WizLab)
  28 stone giants
  A deep elf demonologist (Elf:1)
  7 purple draconians
  20 vampire knights
  6 black draconians
  4 white draconians
  4 deep elf annihilators
  7 eleionomae
  10 green draconians
  3 bunyips
  A minotaur (Gauntlet)
  8 dire elephants
  8 yellow draconians
  15 spark wasps
  A merfolk impaler (Depths:2)
  10 red draconians
  8 ettins
  5 crystal guardians
  A deep elf death mage (Elf:1)
  3 eidola
  An entropy weaver (Vaults:4)
  A green death (D:3)
  10 fire dragons
  13 jiangshi
  6 deep elf high priests (Vaults:5)
  3 shambling mangroves (Swamp:4)
  Josephine (Orc:1)
  3 rakshasas
  10 great orbs of eyes
  14 yaktaur captains
  34 vault guards
  An ice dragon (shapeshifter) (Vaults:5)
  5 spriggan air magi
  A catoblepas (shapeshifter) (Vaults:3)
  20 hydras
  A quicksilver dragon skeleton (Crypt:1)
  9 ice dragons
  2 salamander tyrants
  13 centaur warriors
  A hell beast (Depths:4)
  2 peacekeepers (Vaults:4)
  A spriggan skeleton (Crypt:3)
  5 ironbound frosthearts
  8 anacondas
  A ghost crab (Swamp:3)
  4 death knights
  4 two-headed ogres
  3 catoblepae
  A two-headed ogre (shapeshifter) (Vaults:5)
  11 death yaks
  A fenstrider witch skeleton (Crypt:2)
  7 alligators
  8 deep troll shamans
  2 quicksilver ooze zombies
  9 deep troll earth magi
  6 shock serpents
  5 tengu warriors
  8 boulder beetles
  An azure jelly zombie (Crypt:1)
  2 thrashing horrors (Gauntlet)
  7 dancing weapons
  21 naga warriors
  16 vampire magi
  4 spriggan berserkers
  2 soul eaters
  8 deep elf knights
  Urug (D:13)
  3 storm dragon zombies (Crypt:3)
  12 naga sharpshooters
  9 hell knights
  A fire crab (Lair:3)
  An iron giant zombie (Crypt:1)
  2 golden dragon zombies (Crypt:3)
  9 iron trolls
  A sixfirhy (D:15)
  4 goliath frogs
  3 salamander mystics
  A shadow wraith (Crypt:1)
  A goliath frog (shapeshifter) (Vaults:3)
  2 flayed ghosts
  A quicksilver dragon simulacrum (Depths:4)
  11 glowing orange brains
  A shadow demon (D:3)
  6 spriggan druids
  An anaconda zombie (Crypt:3)
  52 deep trolls
  15 skeletal warriors
  3 bunyip zombies (Crypt:3)
  A spark wasp zombie (Depths:2)
  7 bog bodies
  6 swamp dragons
  An iron giant skeleton (Crypt:2)
  2 sphinx zombies (Depths:2)
  A shadow dragon zombie (Crypt:3)
  A tengu zombie (Depths:1)
  16 naga ritualists
  17 deep elf archers
  9 necromancers
  4 wizards
  13 ironbound convokers
  A bunyip skeleton (Crypt:2)
  12 phantasmal warriors
  An obsidian statue (Orc:2)
  3 spectral hydras (Swamp:4)
  12 lindwurms
  13 deep elf zephyrmancers
  5 orc knights
  24 deep elf pyromancers
  4 harpies
  10 cyclopes
  4 orange crystal statues
  A tengu skeleton (Vaults:2)
  2 mana vipers
  2 orc sorcerers
  An iron dragon zombie (Crypt:1)
  A stone giant zombie (Depths:2)
  5 manticores
  14 moths of wrath
  25 ugly things
  4 oklob plants
  17 salamanders
  A sphinx skeleton (Vaults:2)
  2 will-o-the-wisps
  A frost giant zombie (Vaults:2)
  13 elephants
  An eleionoma skeleton (Crypt:2)
  Joseph (D:10)
  5 human skeletons (Vaults:2)
  11 guardian serpents
  An iron dragon skeleton (Crypt:3)
  2 fire giant skeletons (Vaults:2)
  3 frost giant skeletons
  A torpor snail (Lair:4)
  3 eyes of devastation (WizLab)
  11 naga magi
  45 black mambas
  A gargoyle (D:14)
  18 cane toads
  21 vault sentinels
  A torpor snail (shapeshifter) (Depths:1)
  An orange demon (D:15)
  A dire elephant skeleton (Crypt:2)
  An alligator snapping turtle zombie (Crypt:3)
  A dire elephant zombie (Crypt:3)
  Psyche (D:12)
  37 yaktaurs
  2 rime drakes
  An elf skeleton (Vaults:2)
  7 kobold demonologists
  An efreet (D:15)
  19 komodo dragons
  4 freezing wraiths
  3 tengu conjurers
  A red draconian skeleton (Crypt:3)
  2 demonic crawlers (Elf:1)
  4 death drake zombies (Swamp:4)
  A death yak skeleton (Crypt:2)
  3 harpy zombies
  5 guardian mummies (Crypt:3)
  4 trolls
  A meliai (shapeshifter) (Depths:4)
  A wind drake (shapeshifter) (D:13)
  3 hydra zombies (Swamp:4)
  3 meliai (D:13)
  A hydra skeleton (Swamp:4)
  3 polar bears
  A hornet (shapeshifter) (D:14)
  20 hornets
  17 tyrant leeches
  A death drake skeleton (Swamp:4)
  A tarantella (Vaults:4)
  50 slime creatures
  7 dream sheep (Lair:5)
  42 blink frogs
  An ettin zombie (Crypt:3)
  2 jumping spider zombies
  A stone giant simulacrum (Crypt:2)
  6 flying skulls (Crypt:2)
  Sigmund (D:4)
  23 spriggans
  An air elemental (Elf:2)
  67 yaks
  A yak (shapeshifter) (Vaults:5)
  3 ettin skeletons
  10 wyverns
  21 vampires
  6 water elementals
  2 fire elementals
  A dire elephant simulacrum (Crypt:3)
  7 golden eyes (WizLab)
  5 basilisks
  2 redbacks (shapeshifter)
  4 fire bats (Depths:4)
  A golden eye (shapeshifter) (D:15)
  2 steam dragons
  10 wraiths
  2 neqoxecs (WizLab)
  A black mamba skeleton (Crypt:2)
  4 hogs (D:13)
  3 small abominations (Gauntlet)
  A redback (Vaults:4)
  13 vampire mosquitoes
  36 nagas
  A naga (shapeshifter) (Vaults:5)
  12 swamp worms
  4 wargs
  A glowing shapeshifter zombie (Vaults:2)
  2 acid dragons
  26 water moccasins
  A glowing shapeshifter skeleton (Depths:1)
  3 hydra simulacra (Swamp:4)
  A snapping turtle zombie (Crypt:1)
  43 orc warriors
  3 great orb of eyes simulacra (IceCv)
  5 ice beasts
  2 sky beasts (D:6)
  5 black bears
  A swamp dragon zombie (Swamp:4)
  5 swamp drakes
  8 ogres
  3 boggarts (Vaults:2)
  19 centaurs
  8 wolves (Lair:2)
  2 swamp dragon skeletons (Swamp:4)
  A snapping turtle skeleton (Crypt:2)
  5 slime creature simulacra (IceCv)
  11 kobold brigands
  17 bullfrogs
  4 necrophages
  Blork the orc (D:3)
  A gnoll sergeant (D:7)
  An earth elemental (Elf:2)
  6 scorpions
  2 komodo dragon skeletons (Crypt:3)
  7 killer bees
  2 vampire bats (D:6)
  4 howler monkeys
  An electric eel (Lair:3)
  A yak skeleton (Crypt:2)
  3 lava snakes (D:12)
  A wolf skeleton (Crypt:1)
  3 hounds (D:4)
  16 orc priests
  Jessica (D:3)
  5 iguanas
  A scorpion zombie (Crypt:2)
  7 hell rats
  24 orc wizards
  A naga skeleton (Crypt:3)
  7 mummies (Crypt:3)
  5 gnolls (D:7)
  9 adders
  A swamp drake skeleton (Crypt:1)
  A steam dragon skeleton (Crypt:1)
  A white imp (D:8)
  An ufetubus (D:5)
  4 worms
  A dart slug (D:4)
  76 orcs
  9 bats
  3 bat skeletons (D:6)
  2 bat zombies (D:6)
  5 endoplasms
  12 giant cockroaches
  2 goblins
  5 hobgoblins
  8 jackals
  5 quokkas
  8 ball pythons
  11 frilled lizards
  A frilled lizard zombie (Crypt:3)
  24 kobolds
  An orc zombie (Crypt:2)
  3 rats
  A briar patch (Swamp:4)
  7 starspawn tentacles (WizLab)
2241 creatures vanquished.

Vanquished Creatures (collateral kills)
  Mennas (Depths:4)
  A curse toe (Zot:2)
  Jory (Crypt:3)
  Nikola (Vaults:3)
  An electric golem (Zot:2)
  A quicksilver dragon (Zot:2)
  A death cob (Zot:2)
  A storm dragon (Zot:2)
  A nagaraja (Snake:4)
  2 spectral caustic shrikes (Depths:1)
  An ironbound preserver (Vaults:3)
  A vampire knight (Crypt:3)
  An entropy weaver (Gauntlet)
  A hell beast (Depths:4)
  2 death yaks (Lair:5)
  A naga sharpshooter (Snake:4)
  A deep troll (Vaults:4)
  An ironbound convoker (Vaults:3)
  A cyclops (D:14)
  A naga mage (Snake:4)
  A hornet (D:8)
  A blink frog (Lair:5)
  A redback (Gauntlet)
  5 nagas (Snake:4)
30 creatures vanquished.

Vanquished Creatures (others)
  A draconian knight (Zot:4)
  A deep elf knight (Elf:2)
  A wizard (D:15)
  A deep elf pyromancer (Elf:1)
  A bloated husk (Swamp:3)
  A water elemental (Elf:2)
  A human (D:13)
  2 orc wizards
  5 briar patches (Swamp:4)
  A bush (Lair:5)
  A demonic plant (WizLab)
  16 foxfires
  39 fungi
  140 plants
  7 starspawn tentacles (WizLab)
218 creatures vanquished.

Grand Total: 2489 creatures vanquished

Notes
Turn   | Place    | Note
-------+----------+-------------------------------------------
     0 | D:1      | ardl the Armataur Wanderer began the quest for the Orb.
     0 | D:1      | ardl set off with the following items: a +0 club, a +0 ring
                  | mail, a scroll of butterflies, a scroll of teleportation;
                  | and the following spell memorised: Apportation; and the
                  | following spells available to memorise: Manifold Assault,
                  | Passage of Golubria.
     0 | D:1      | Reached XP level 1. HP: 17/17 MP: 2/2
   249 | D:1      | Reached XP level 2. HP: 25/25 MP: 3/3
   815 | D:2      | Reached XP level 3. HP: 32/32 MP: 4/4
   981 | D:2      | Found a faded altar of an unknown god.
  1076 | D:2      | Reached skill level 1 in Staves
  1401 | D:3      | Reached XP level 4. HP: 40/40 MP: 5/5
  1455 | D:3      | Found Tikhlugh's General Store.
  2214 | D:3      | Noticed Jessica
  2341 | D:3      | Killed Jessica
  2342 | D:3      | Reached XP level 5. HP: 42/48 MP: 6/6
  2385 | D:3      | Found a shimmering blue altar of Sif Muna.
  2503 | D:3      | Upgraded the game from 0.30-a0-241-g1121274140 to
                  | 0.30-a0-272-gf98c3da03f
  2551 | D:4      | Noticed Blork the orc
  2560 | D:3      | Killed Blork the orc
  2672 | D:4      | Reached XP level 6. HP: 9/55 MP: 7/7
  3152 | D:3      | Bought 2 potions of curing for 78 gold pieces
  3174 | D:4      | Identified the +2 pair of gloves of Saig {Rampage rElec
                  | MP-9}
  3299 | D:4      | Reached skill level 5 in Fighting
  3330 | D:4      | Reached skill level 1 in Evocations
  3381 | D:4      | Noticed Sigmund
  3392 | D:4      | Killed Sigmund
  3393 | D:4      | Reached XP level 7. HP: 64/65 MP: 0/8
  3680 | D:5      | Entered Level 5 of the Dungeon
  3983 | D:5      | Noticed a wyvern
  3992 | D:5      | Killed a wyvern
  4027 | D:5      | Found a glowing drain.
  4039 | Sewer    | Entered a sewer
  4317 | Sewer    | Reached XP level 8. HP: 74/78 MP: 0/9
  4409 | D:5      | Found a bloodstained altar of Trog.
  4558 | D:4      | Reached skill level 1 in Maces & Flails
  5258 | D:6      | Reached skill level 5 in Maces & Flails
  5680 | D:6      | Found Manidey's Antique Armour Emporium.
  5687 | D:6      | Bought a cloak for 117 gold pieces
  5741 | D:6      | Found an ancient bone altar of Kikubaaqudgha.
  5763 | D:6      | Reached XP level 9. HP: 82/84 MP: 1/10
  6413 | D:5      | Became a worshipper of Trog the Wrathful
  6477 | D:7      | Identified the +3 spear "Ox" {vorpal, Will+++ MP+9 Int-3}
  6876 | D:6      | Found Manidey's Antique Armour Emporium.
  6937 | D:6      | Found an ancient bone altar of Kikubaaqudgha.
  8063 | D:7      | Reached * piety under Trog
  8460 | D:7      | Found a staircase to the Ecumenical Temple.
  8808 | D:8      | Found a glowing golden altar of the Shining One.
  8902 | D:8      | Found a hide-covered altar of Uskayaw.
  9099 | D:8      | Found a shimmering altar of Xom.
  9100 | D:8      | Found a shimmering altar of Xom.
  9100 | D:8      | Found a shimmering altar of Xom.
  9111 | D:8      | Found a shimmering altar of Xom.
  9111 | D:8      | Found a shimmering altar of Xom.
  9112 | D:8      | Found a shimmering altar of Xom.
  9113 | D:8      | Found a shimmering altar of Xom.
  9114 | D:8      | Found a shimmering altar of Xom.
  9115 | D:8      | Found a shimmering altar of Xom.
  9348 | D:8      | Reached XP level 10. HP: 95/96 MP: 2/11
  9359 | D:8      | Noticed a two-headed ogre
 10557 | D:9      | Reached skill level 10 in Fighting
 10592 | D:9      | Reached skill level 10 in Maces & Flails
 11016 | D:9      | Reached ** piety under Trog
 11181 | D:10     | Entered Level 10 of the Dungeon
 11225 | D:10     | Noticed Joseph
 11237 | D:10     | Killed Joseph
 11238 | D:10     | Reached XP level 11. HP: 102/105 MP: 3/12
 11589 | D:10     | Found a glowing silver altar of Zin.
 11589 | D:10     | Found an opulent altar of Gozag.
 11596 | D:10     | Found a white marble altar of Elyvilon.
 11598 | D:10     | Found a basalt altar of Yredelemnul.
 11600 | D:10     | Found a snail-covered altar of Cheibriados.
 11815 | D:10     | Found a staircase to the Orcish Mines.
 12008 | D:10     | Found a burning altar of Makhleb.
 12154 | D:11     | Identified the ring "Fastri Wigg" {Fire Contam Will+++
                  | Dex-5 SInv}
 12268 | D:11     | Found a gate leading to a gauntlet.
 12278 | Gauntlet | Entered a Gauntlet
 12278 | Gauntlet | Found a transporter.
 12289 | Gauntlet | Noticed a green death
 12324 | Gauntlet | Noticed a death drake
 12371 | Gauntlet | Found a transporter.
 12385 | Gauntlet | Found a transporter.
 12389 | Gauntlet | Found a transporter.
 12410 | Gauntlet | Found a transporter.
 12419 | Gauntlet | Found a transporter.
 12427 | Gauntlet | Found a transporter.
 12431 | Gauntlet | Found a transporter.
 12448 | Gauntlet | Found a runed translucent door.
 12454 | Gauntlet | Noticed an entropy weaver
 12458 | Gauntlet | Found a transporter.
 12478 | Gauntlet | Found a transporter.
 12482 | Gauntlet | Found a transporter.
 12482 | Gauntlet | Noticed a thrashing horror
 12484 | Gauntlet | Found a runed translucent gate.
 12484 | Gauntlet | Found a runed translucent gate.
 12484 | Gauntlet | Found a runed translucent gate.
 12487 | Gauntlet | Noticed a thrashing horror
 12490 | Gauntlet | Found a transporter.
 12906 | Gauntlet | Killed a thrashing horror
 12912 | Gauntlet | Killed a thrashing horror
 12957 | Gauntlet | Identified the amulet of Arrival {Acrobat rF+}
 12985 | Gauntlet | Killed an entropy weaver
 13018 | Gauntlet | Identified the ring of Greed {rF- Int+9 Dex+6}
 13022 | Gauntlet | Identified the ring of Sash {MP+9 Int+4 Dex+5}
 13087 | Gauntlet | Noticed a minotaur
 13158 | Gauntlet | Killed a minotaur
 13253 | Gauntlet | Identified 2 scrolls of acquirement
 13253 | Gauntlet | Acquired a manual of Armour
 13254 | Gauntlet | Acquired the +7 barding of Dogma {rElec rN++ rCorr MP-9
                  | Dex+2}
 13445 | D:11     | Found a staircase to the Lair.
 13456 | D:11     | Reached skill level 5 in Armour
 13688 | D:11     | You fall into a shaft and drop 2 floors!
 13798 | D:12     | Noticed a two-headed ogre
 13823 | D:12     | Killed a two-headed ogre
 13983 | D:11     | Reached XP level 12. HP: 100/117 MP: 0/13
 14065 | D:11     | Noticed a centaur warrior
 14069 | D:11     | Killed a centaur warrior
 14312 | D:11     | Reached skill level 10 in Armour
 14519 | Lair:1   | Entered Level 1 of the Lair of Beasts
 15330 | Lair:1   | Reached *** piety under Trog
 15916 | Lair:2   | Noticed a six-headed hydra
 15943 | Lair:2   | Killed a six-headed hydra
 16343 | Lair:2   | Noticed an eight-headed hydra
 16358 | Lair:2   | Killed an eight-headed hydra
 16359 | Lair:2   | Reached XP level 13. HP: 111/124 MP: 0/14
 16419 | Lair:2   | Reached **** piety under Trog
 16432 | Lair:2   | Found a staircase to the Swamp.
 16775 | Lair:3   | Found a staircase to the Snake Pit.
 17031 | Lair:3   | Reached skill level 15 in Maces & Flails
 17673 | Lair:4   | Found a runed translucent door.
 17673 | Lair:4   | Found a viscous altar of Jiyva.
 17673 | Lair:4   | Noticed an azure jelly
 17674 | Lair:4   | Found a staircase to the Slime Pits.
 18577 | Lair:5   | Entered Level 5 of the Lair of Beasts
 18737 | Lair:5   | Reached ***** piety under Trog
 18761 | Lair:5   | Reached XP level 14. HP: 138/138 MP: 0/15
 18772 | Lair:5   | Reached skill level 15 in Armour
 19058 | Lair:5   | Received a gift from Trog
 19371 | Lair:5   | Reached skill level 1 in Dodging
 19762 | Lair:5   | Reached skill level 5 in Evocations
 19924 | Lair:5   | Received a gift from Trog
 20477 | D:12     | Noticed Psyche
 20483 | D:12     | Killed Psyche
 20536 | D:12     | Reached skill level 1 in Shields
 20831 | D:12     | Reached XP level 15. HP: 148/148 MP: 0/16
 21298 | D:13     | Noticed Kirke
 21304 | D:13     | Reached skill level 5 in Shields
 21316 | D:13     | Killed Kirke
 21384 | D:13     | Noticed Urug
 21496 | D:13     | Killed Urug
 22150 | D:14     | Found a gate to the Vaults.
 22158 | D:14     | Reached skill level 15 in Fighting
 22187 | D:14     | Reached skill level 10 in Shields
 22756 | D:14     | Found the +10 dark maul {vorpal}
 23049 | D:15     | Entered Level 15 of the Dungeon
 23270 | D:15     | Received a gift from Trog
 23299 | D:15     | Found a frozen archway.
 23335 | IceCv    | Entered an ice cave
 24279 | IceCv    | Noticed an azure jelly
 24530 | IceCv    | Noticed an azure jelly
 24531 | IceCv    | Found a viscous altar of Jiyva.
 24531 | IceCv    | Noticed an azure jelly
 24546 | IceCv    | Killed an azure jelly
 24547 | IceCv    | Reached XP level 16. HP: 161/161 MP: 0/17
 24590 | IceCv    | Identified the amulet "Sowazxet" {Faith rC+ rN++ Will+}
 24598 | IceCv    | Got the ring "Vauqan" {rC+ Will+ Str+4}
 25437 | D:15     | Found a staircase to the Depths.
 25443 | D:15     | Upgraded the game from 0.30-a0-272-gf98c3da03f to
                  | 0.30-a0-279-g4b46babb21
 25599 | Orc:1    | Entered Level 1 of the Orcish Mines
 25923 | Orc:1    | Identified the +9 battleaxe "Gema Oss" {vorpal, rPois}
 25950 | Orc:2    | Entered Level 2 of the Orcish Mines
 25995 | Orc:2    | Found a staircase to the Elven Halls.
 26033 | Orc:2    | Received a gift from Trog
 26402 | Orc:2    | Found a runed translucent gate.
 26559 | Orc:2    | Found a runed translucent gate.
 26563 | Orc:2    | Found a runed translucent gate.
 26563 | Orc:2    | Found an opulent altar of Gozag.
 26653 | Orc:2    | Found Bofef's Antique Weapon Boutique.
 26653 | Orc:2    | Found Hecyu's Weapon Shoppe.
 26655 | Orc:2    | Found Jaodutz's Magic Scroll Emporium.
 26657 | Orc:2    | Found Nyr Ykuetz's Distillery.
 26664 | Orc:2    | Bought a scroll of magic mapping for 105 gold pieces
 26664 | Orc:2    | Bought a scroll of magic mapping for 105 gold pieces
 26664 | Orc:2    | Bought 2 scrolls of teleportation for 84 gold pieces
 26669 | Orc:2    | Bought a potion of haste for 130 gold pieces
 26669 | Orc:2    | Bought a potion of heal wounds for 65 gold pieces
 26740 | Orc:2    | Found Hehos's Assorted Antiques.
 26740 | Orc:2    | Noticed jejorda2's ghost (adept MfBe)
 26795 | Orc:1    | Noticed Josephine
 26804 | Orc:1    | Killed Josephine
 26807 | Orc:1    | Reached skill level 10 in Evocations
 26862 | Orc:1    | Paralysed by an orc sorcerer for 5 turns
 27212 | Swamp:1  | Entered Level 1 of the Swamp
 27219 | Swamp:1  | Received a gift from Trog
 27517 | Swamp:1  | Acquired 981 gold pieces
 28545 | Swamp:2  | Reached ****** piety under Trog
 29026 | Swamp:3  | Reached XP level 17. HP: 151/172 MP: 0/18
 29101 | Swamp:3  | Reached skill level 5 in Dodging
 29171 | Swamp:3  | Received a gift from Trog
 29611 | Swamp:4  | Entered Level 4 of the Swamp
 30321 | Swamp:4  | Received a gift from Trog
 30373 | Swamp:4  | Found a basalt altar of Yredelemnul.
 30410 | Swamp:4  | Found a blossoming altar of Fedhas.
 30767 | Swamp:4  | Got a decaying rune of Zot
 31074 | D:6      | Bought shadow dragon scales for 2080 gold pieces
 31331 | Snake:1  | Entered Level 1 of the Snake Pit
 32114 | Snake:1  | Received a gift from Trog
 33184 | Snake:3  | Found Ikewn's Jewellery Shop.
 33273 | Snake:3  | Noticed Aizul
 33302 | Snake:3  | Killed Aizul
 33303 | Snake:3  | Reached XP level 18. HP: 168/180 MP: 1/19
 33431 | Snake:3  | Found a runed translucent gate.
 33463 | Snake:3  | Found a runed translucent gate.
 33463 | Snake:3  | Found a runed translucent gate.
 33464 | Snake:3  | Noticed Holoquod's ghost (adept MiMo)
 33658 | Snake:3  | Found Ycuitza's Antique Weapon Boutique.
 33746 | Snake:3  | Found Lote's One-of-a-Kind Rings.
 33764 | Snake:3  | Bought the ring "Pixtunugus" {MP+9 AC+4 Str+10 Slay+2} for
                  | 1460 gold pieces
 33853 | Snake:3  | Found Zoonafe's Weapon Shoppe.
 33879 | Snake:3  | Found Hoiream's Jewellery Boutique.
 34642 | Snake:4  | Entered Level 4 of the Snake Pit
 34947 | Snake:4  | Found the +3 pair of seven-league boots {Rampage+∞}
 35105 | Snake:4  | Identified the +3 morningstar of the Equinox {holy, rElec
                  | rPois}
 35187 | Snake:4  | Received a gift from Trog
 36393 | Snake:4  | Received a gift from Trog
 36430 | Snake:4  | Got a serpentine rune of Zot
 37134 | Elf:1    | Entered Level 1 of the Elven Halls
 37186 | Elf:1    | Found an ancient bone altar of Kikubaaqudgha.
 37359 | Elf:1    | Reached XP level 19. HP: 188/191 MP: 11/20
 37496 | Elf:1    | Received a gift from Trog
 37920 | Elf:1    | Found Seggaukuku's Distillery.
 38357 | Elf:2    | Paralysed by an air elemental for 1 turns
 38513 | Elf:1    | Found an ancient bone altar of Kikubaaqudgha.
 38604 | Elf:2    | Found Pedu's Antique Armour Shoppe.
 38692 | Elf:2    | Received a gift from Trog
 38742 | Elf:2    | Found a runed translucent gate.
 38742 | Elf:2    | Found a runed translucent gate.
 38743 | Elf:2    | Found a runed translucent gate.
 39277 | Vaults:1 | Entered Level 1 of the Vaults
 39462 | Vaults:1 | Found Eguveoqa's Armour Emporium.
 39466 | Vaults:1 | Bought a +2 helmet of see invisible for 387 gold pieces
 40134 | Vaults:1 | Received a gift from Trog
 40138 | Vaults:1 | Found a portal to a secret trove of treasure.
 40142 | Vaults:1 | Identified the +4 arbalest "Qehilaid" {flame, rC- rCorr
                  | Stlth+}
 40770 | Vaults:2 | Found Bavvui's Book Shoppe.
 41001 | Vaults:2 | Reached XP level 20. HP: 205/206 MP: 12/21
 41046 | Vaults:2 | Received a gift from Trog
 41106 | Vaults:2 | Found Oracad's Antique Armour Shoppe.
 41254 | Vaults:2 | Reached skill level 15 in Evocations
 41505 | Vaults:2 | Found Pouciexu's Antique Weapon Shop.
 41848 | Vaults:2 | Found Oxkof's Weapon Boutique.
 41957 | Vaults:2 | Reached skill level 10 in Dodging
 41991 | Vaults:2 | Found a staircase to the Crypt.
 42044 | Vaults:2 | Received a gift from Trog
 42369 | Vaults:2 | Found Qacemyru's General Store.
 42879 | Snake:3  | Bought the ring of Luimeute {rF+ Str+2 Int-5 Slay+3 SInv}
                  | for 564 gold pieces
 43318 | Vaults:3 | Paralysed by a great orb of eyes for 3 turns
 43578 | Vaults:3 | Found Utauwuss's Assorted Antiques.
 43616 | Vaults:3 | Noticed Saint Roka
 43655 | Vaults:3 | Killed Saint Roka
 43827 | Vaults:3 | Noticed Nikola
 43840 | Vaults:3 | Killed Nikola
 44638 | Vaults:4 | Found a magical portal.
 44647 | WizLab   | Entered Lehudib's Moon Base
 44729 | WizLab   | Paralysed by a great orb of eyes for 2 turns
 44807 | WizLab   | Received a gift from Trog
 45040 | WizLab   | Reached XP level 21. HP: 218/218 MP: 13/22
 45165 | WizLab   | Gained mutation: You are dopey. (Int -2) [a neqoxec]
 45176 | WizLab   | Found a transporter.
 45288 | WizLab   | Gained mutation: You are weak. (Str -2) [a cacodemon]
 45329 | WizLab   | Found a transporter.
 45629 | WizLab   | Identified the ring "Vyrphoq" {Fire Fly rElec Int-3}
 46036 | WizLab   | Gained mutation: You are clumsy. (Dex -2) [a cacodemon]
 46098 | WizLab   | Reached XP level 22. HP: 230/230 MP: 14/23
 46098 | WizLab   | Reached XP level 23. HP: 237/237 MP: 15/24
 46100 | WizLab   | Identified the +1 helmet "Zewiejyi" {Will+ SInv}
 46219 | Vaults:4 | Upgraded the game from 0.30-a0-279-g4b46babb21 to
                  | 0.30-a0-292-g0f741e3f8e
 46602 | Vaults:4 | Received a gift from Trog
 46659 | Vaults:4 | Reached skill level 15 in Shields
 47552 | Crypt:1  | Entered Level 1 of the Crypt
 47734 | Crypt:1  | Received a gift from Trog
 48689 | Crypt:2  | Received a gift from Trog
 49400 | Crypt:3  | Entered Level 3 of the Crypt
 49479 | Crypt:3  | Identified the +5 chain mail of Covuuxki {rN+ Will+ MP+9
                  | Str+3}
 49520 | Crypt:3  | Identified the +1 scale mail of the Tundras {Rampage Regen+
                  | Str-3 Int-3}
 49574 | Crypt:3  | Reached XP level 24. HP: 247/247 MP: 15/24
 49628 | Crypt:3  | Received a gift from Trog
 49630 | Crypt:3  | Acquired 909 gold pieces
 50085 | Crypt:3  | Received a gift from Trog
 50512 | Crypt:3  | Identified the +8 arbalest "Meowouk" {flame, rElec Dex+2}
 50715 | Crypt:3  | Found a staircase to the Tomb.
 50912 | Crypt:3  | Noticed Jory
 50922 | Crypt:3  | Killed Jory
 50951 | Crypt:3  | Identified the ring "Qegick" {rN+ Will+ Int+2}
 50951 | Crypt:3  | Identified the ring of Xausuefa {+Blink rN+ Str+4 Int-5
                  | Dex+4}
 50951 | Crypt:3  | Identified the ring of the Feeding Gods {rElec rN+}
 51230 | Depths:1 | Entered Level 1 of the Depths
 51314 | Depths:1 | Found a one-way gate to the infinite horrors of the Abyss.
 51416 | Depths:1 | Found a one-way gate leading to the halls of Pandemonium.
 51504 | Depths:1 | Found an iron altar of Okawaru.
 51818 | Depths:1 | Found a gateway to Hell.
 51883 | Depths:1 | Received a gift from Trog
 52576 | Depths:2 | Found Isutas's Jewellery Emporium.
 52697 | Depths:2 | Found Wiwoopp's Armour Shoppe.
 52700 | Depths:2 | Found Bianuu's Jewellery Emporium.
 53007 | Depths:2 | Found a glowing golden altar of the Shining One.
 53262 | Depths:2 | You fall into a shaft and drop 1 floor!
 53274 | Depths:3 | Noticed Sojobo
 54056 | Depths:3 | Killed Sojobo
 54163 | Depths:3 | Found a one-way gateway to a ziggurat.
 54187 | Depths:3 | Reached XP level 25. HP: 200/261 MP: 15/24
 54476 | Depths:3 | Noticed Parghit
 54481 | Depths:3 | Parghit changed into Parghit the juggernaut
 54481 | Depths:3 | Noticed Parghit
 54493 | Depths:3 | Killed Parghit the juggernaut
 55042 | Snake:3  | Bought the ring of the Hare {EV+8} for 1664 gold pieces
 55042 | Snake:3  | Found the ring of the Hare {EV+8}
 55295 | Elf:1    | Bought a potion of mutation for 144 gold pieces
 55295 | Elf:1    | Bought a potion of heal wounds for 90 gold pieces
 55295 | Elf:1    | Bought a potion of resistance for 180 gold pieces
 55601 | Vaults:2 | Bought 2 potions of mutation for 288 gold pieces
 55601 | Vaults:2 | Bought a potion of invisibility for 144 gold pieces
 55667 | Vaults:3 | Bought a potion of haste for 300 gold pieces
 56088 | Depths:3 | Upgraded the game from 0.30-a0-292-g0f741e3f8e to
                  | 0.30-a0-297-g0ec75d9ef4
 56106 | Depths:4 | Entered Level 4 of the Depths
 56124 | Depths:4 | Received a gift from Trog
 56260 | Depths:4 | Noticed Mennas
 56291 | Depths:4 | Killed Mennas
 56685 | Depths:4 | Found a gate to the Realm of Zot.
 56693 | Depths:4 | Received a gift from Trog
 56743 | Depths:4 | Found a white marble altar of Elyvilon.
 58538 | Orc:2    | Killed jejorda2's ghost
 58584 | Orc:2    | Bought a shiny copper ring for 145 gold pieces
 58584 | Orc:2    | Bought a gilded ring for 145 gold pieces
 58899 | Vaults:4 | You fall into a shaft and drop 1 floor!
 58899 | Vaults:5 | Entered Level 5 of the Vaults
 58899 | Vaults:5 | Noticed Boris
 58926 | Vaults:5 | Reached skill level 27 in Armour
 58941 | Vaults:5 | Killed Boris
 58977 | Vaults:5 | Received a gift from Trog
 59320 | Vaults:5 | Identified the +4 glaive of Neick {drain, *Corrode rElec
                  | Str+2 Dex+7}
 59362 | Vaults:5 | Noticed an ancient lich
 59373 | Vaults:5 | Killed an ancient lich
 59384 | Vaults:5 | Noticed an ancient lich
 59412 | Vaults:5 | Killed an ancient lich
 59785 | Vaults:5 | Received a gift from Trog
 59838 | Vaults:5 | Reached XP level 26. HP: 267/276 MP: 15/24
 60162 | Vaults:5 | Got a silver rune of Zot
 60609 | Vaults:5 | Found Ytonk's Magic Scroll Shop.
 60636 | Vaults:5 | Received a gift from Trog
 60666 | Vaults:5 | Bought a scroll of enchant weapon for 112 gold pieces
 60666 | Vaults:5 | Bought a scroll of blinking for 112 gold pieces
 60866 | Vaults:5 | Identified the +8 shortbow "Nicrei" {venom, rElec}
 60928 | Vaults:5 | Found the +7 Spriggan's Knife {stab, EV+4 Stlth+}
 60931 | Vaults:5 | Identified the +5 leather armour of Jinoucatz {rPois}
 60932 | Vaults:5 | Identified the +1 robe "Coust" {Str+6 Slay+2 Stlth-
                  | Archmagi}
 60963 | Vaults:5 | Found the -2 hat of the Alchemist {rElec rPois rF+ rC+ rN+
                  | Will+ rMut rCorr}
 60970 | Vaults:5 | Identified the +2 helmet of the Past {rElec Regen+ Dex+3}
 61065 | Vaults:5 | Upgraded the game from 0.30-a0-297-g0ec75d9ef4 to
                  | 0.30-a0-304-gdc4b735fe1
 61375 | Zot:1    | Entered Level 1 of the Realm of Zot
 62012 | Zot:2    | Received a gift from Trog
 62471 | Zot:4    | Reached skill level 27 in Fighting
 62775 | Zot:4    | Noticed an orb of fire
 62796 | Zot:4    | Killed an orb of fire
 62947 | Zot:4    | Received a gift from Trog
 63396 | Zot:4    | Noticed an orb of fire
 63407 | Zot:4    | Gained mutation: Your body sometimes deteriorates upon
                  | taking damage. [an orb of fire]
 63410 | Zot:4    | Killed an orb of fire
 63481 | Zot:4    | Reached XP level 27. HP: 283/292 MP: 15/24
 63651 | Zot:5    | Entered Level 5 of the Realm of Zot
 63724 | Zot:5    | Found a runed translucent gate.
 63724 | Zot:5    | Found a runed translucent gate.
 63725 | Zot:5    | Found a runed translucent gate.
 63725 | Zot:5    | Noticed Bealaq's ghost (legendary GnFE)
 63730 | Zot:5    | Found a viscous altar of Jiyva.
 64513 | Zot:5    | Noticed an ancient lich
 64538 | Zot:5    | Killed an ancient lich
 64572 | Zot:5    | Noticed an orb of fire
 64577 | Zot:5    | Gained mutation: Your body often deteriorates upon taking
                  | damage. [an orb of fire]
 64578 | Zot:5    | Noticed an orb of fire
 64585 | Zot:5    | Gained mutation: You are very clumsy. (Dex -4) [an orb of
                  | fire]
 64589 | Zot:5    | Killed an orb of fire
 64595 | Zot:5    | Gained mutation: Your spells are a little easier to cast,
                  | but a little less powerful. [an orb of fire]
 64596 | Zot:5    | Gained mutation: You do not regenerate when monsters are
                  | visible. [an orb of fire]
 64597 | Zot:5    | Noticed an orb of fire
 64602 | Zot:5    | Killed an orb of fire
 64603 | Zot:5    | Lost mutation: You do not regenerate when monsters are
                  | visible. [potion of mutation]
 64603 | Zot:5    | Lost mutation: Your body often deteriorates upon taking
                  | damage. [potion of mutation]
 64603 | Zot:5    | Lost mutation: You are dopey. (Int -2) [potion of mutation]
 64603 | Zot:5    | Lost mutation: You are very clumsy. (Dex -4) [potion of
                  | mutation]
 64603 | Zot:5    | Gained mutation: You are somewhat resistant to further
                  | mutation. [potion of mutation]
 64621 | Zot:5    | Killed an orb of fire
 64731 | Zot:5    | Received a gift from Trog
 64809 | Zot:5    | Got the Orb of Zot
 64865 | Zot:5    | Noticed a seraph
 65061 | Depths:3 | Noticed Acvoosop the pandemonium lord
 65503 | D:$      | Escaped with the Orb!

Illustrated notes

Levels and vault maps discovered:
D:1:      lightli_arrival_statuegarden, layout_loops_ring
D:2:      layout_rooms, dilly_ecumenical_altar_fadedgnrine
D:3:      layout_basic, tgw_sif, serial_shops, shop, patterned_corridor
D:4:      layout_basic, kennysheep_generic_room_5, uniq_blork_the_orc,
          uniq_sigmund
D:5:      layout_gridville, lemuel_tele_altar, cheibrodos_sewer_entry_bend,
          hangedman_abyss_or_decor_lesser_grid
D:6:      layout_loops_cross, kennysheep_vampire_church, serial_shops, shop,
          minmay_tree_intersection
D:7:      layout_basic, minmay_temple_entry_waves
D:8:      layout_loops_ring, tso_metal_star, xom_redecorated,
          mainiacjoe_overflow_surrounded_room
D:9:      layout_stronghold, serial_column_ruins, column_ruins_hut_pillars,
          column_ruins_corridor_T, column_ruins_corridor_straight,
          column_ruins_columns_dead_end, column_ruins_open_tiny,
          minmay_unpleasant_kobolds
D:10:     layout_roguey, chequers_temple_overflow_minitemple,
          lightli_temple_of_fire, erik_orc_1, uniq_joseph
D:11:     layout_gridville, minmay_lair_entry_grove, gauntlet_entry_generic
D:12:     layout_grid_maze, disabler_island, uniq_psyche
D:13:     layout_gridville, uniq_kirke, uniq_urug
D:14:     minmay_roctagon, layout_loops_ring, lightli_vaults_fourway_checkpoint,
          serial_bayou_pond_c, kennysheep_generic_room_9
D:15:     gammafunk_enter_depths_forms, layout_basic,
          portal_ice_cave_entry_pillars_1, nrook_pool_corridor,
          hangedman_decor_opposing
Lair:1:   layout_cave_pods, serial_bayou_shore_b
Lair:2:   layout_small_grid, palyth_hydra_swamp_entry,
          chequers_serial_rivers_marsh, grunt_megastairs_4
Lair:3:   layout_roguey, minmay_snake_entry_six_corridors,
          nicolae_lair_lakeside_cave
Lair:4:   layout_small_grid, slime_entry_2
Lair:5:   minmay_lair_end_frog_pond, layout_regular_city
Swamp:1:  nicolae_swamp_secret_spriggan_hideout, layout_falls_marsh,
          evilmike_swamp_ruin_house_1
Swamp:2:  nicolae_swamp_ascending_descending, layout_falls_marsh,
          evilmike_swamp_ruin_house_3, infiniplex_staircase_pool
Swamp:3:  layout_basic_swamp, evilmike_swamp_ruin_house_2
Swamp:4:  byrel_swamp_growth_death_and_undeath, layout_basic_swamp
Snake:1:  layout_misc_corridors
Snake:2:  layout_misc_corridors, nicolae_snake_single_loop
Snake:3:  layout_chambers, gammafunk_ghost_necromancy, serial_shops,
          nicolae_shop_statue_plus, nicolae_shop_crystal,
          nicolae_shop_waterfront, nicolae_shop_trees,
          nicolae_shop_unique_rings, uniq_aizul
Snake:4:  grunt_snake_rune_spirals, layout_onion_interference,
          nicolae_snake_naga_rites
Orc:1:    layout_diamond_mine, mines3_lemuel, uniq_josephine
Orc:2:    st_orc_rangers, layout_caves, ebering_ghost_gozag, basic_altar
Elf:1:    layout_loops_corners, basic_altar, serial_shops, nicolae_diamond_shop,
          minmay_elf_sorcery, statue_in_the_mist_lemuel,
          einodemon_crawler_minivault, lemuel_upstairs_altar
Elf:2:    nicolae_elf_blades_splatter_lattice
          [nicolae_blade_entry_diamond_columns], layout_geoelf_grid,
          serial_shops, nicolae_shop_window_shopping, uniq_louise
Vaults:1: nicolae_vaults_mini_display_case, vaults_mumra_hex, v_misc_26,
          vaults_room_stairs_pillars, vaults_standard_mumra_lines,
          ontoclasm_vaults_tryst, nicolae_vaults_circle_grid_a,
          ontoclasm_vaults_bender, nicolae_vaults_big_ls,
          nicolae_vaults_asterisk, nicolae_vaults_specimen_jars,
          vaults_mumra_chevron, nicolae_vaults_sealed_display,
          layout_vaults_omnibox, nicolae_trove_entry_isolated, serial_shops,
          shop
Vaults:2: nicolae_vaults_little_squares_5, ontoclasm_vaults_ring_square,
          nicolae_vaults_little_squares_1, ontoclasm_vaults_shuriken,
          v_pattern_2, minmay_crypt_entry_skeletal_spiral, vaults_room_pools,
          grunt_vaults_hallway_short, ontoclasm_vaults_pinch,
          nicolae_vaults_diagonal_hallway_8, nicolae_vaults_border_crossing,
          grunt_vaults_hallway_short, layout_vaults_chaotic_city, serial_shops,
          shop_coins, nicolae_square_shop,
          nicolae_shop_competitors_out_of_business, nicolae_shop_waterfront,
          nicolae_shop_bloodbath_and_beyond
Vaults:3: v_misc_17, hangedman_vaults_nodes, grunt_vaults_hallway_short,
          nicolae_vaults_little_squares_2, st_octagons_2, vaults_dpeg_ring,
          v_alt_pattern_6, ontoclasm_vaults_fault, layout_vaults_omnigrid,
          serial_shops, nicolae_shop_hallway_plus, uniq_nikola, uniq_saint_roka
Vaults:4: mu_enter_wizlab_3, hangedman_vaults_stagger, nicolae_vaults_little_ls,
          hangedman_vaults_impose, nicolae_vaults_network_star,
          ontoclasm_vaults_claustrophobia, vaults_room_stairs_pillars,
          v_rooms_6, v_misc_5, nicolae_vaults_shelves_hall,
          layout_vaults_omnicross, serial_shops, bzr_entry_road
Vaults:5: serial_shops, uniq_boris
Crypt:1:  layout_misc_corridors, st_stairs_4, st_vampire_maze,
          grunt_crypt_arrival_webbed
Crypt:2:  layout_rooms, st_stairs_9
Crypt:3:  due_elkab, layout_chaotic_city, nicolae_tomb_entry_grand_gallery
Depths:1: hellmonk_ruined_rings, layout_honeycomb, abyss_entry, pan_entry,
          pf_hell_entry_tar_river, skrybe_limestone_x, grunt_ministairs_2,
          nicolae_concentric_dashed_squares_wild, minivault_10,
          nicolae_water_bricks, hangedman_decor_riveting, okawaru_trees_2
Depths:2: minmay_connected_boxes_in_corner, layout_gridlike,
          hangedman_coc_ice_floe, pan_entry, basic_altar, abyss_entry_crystal,
          serial_bayou_shore_a, minmay_shop_star
Depths:3: lemuel_flame_loot_2, layout_small_grid, enter_ziggurat_f, hell_entry,
          abyss_entry_small_statue_room, chequers_hall_statues_wall_a,
          infiniplex_staircase_spiral, roderic_lattice_octagonal_star,
          uniq_sojobo, uniq_parghit
Depths:4: grunt_zot_entry_alcove, layout_cave_pools, elyvilon_altar_3,
          grunt_mini_vestibule, uniq_jory, uniq_mennas
Zot:1:    layout_gridville, lemuel_baited_zot_trap
Zot:2:    layout_gridville, drop_trap, st_single_dragon_hoard_4
Zot:3:    dreamdust_zin_vs_xom, layout_gridlike
Zot:4:    layout_gridlike, bh_zot_ikea_curve, st_stairs_4
Zot:5:    layout_concentric_octagons, gammafunk_ghost_ooze

Skill      XL: |  1  2  3  4  5  6  7  8  9 10 11 12 13 14 15 16 17 18 19 20 21 22 23 24 25 26 27 |
---------------+----------------------------------------------------------------------------------+-----
Fighting       | 2 3 4 5 7 8 10 11 13 14 16 17 18 20 21 22 23 25 27 | 27.0
Staves         | 1 3 |  3.3
Evocations     | 2 3 6 7 10 11 13 14 15 16 17 19 21 | 21.5
Maces & Flails | 5 8 10 13 14 15 | 15.8
Armour         | 8 14 17 20 21 22 23 24 27 | 27.0
Dodging        | 4 7 9 10 | 10.1
Shields        | 4 12 14 17 18 | 18.0
Throwing       | |  1.0
Stealth        | |  1.1
Spellcasting   | |  1.0
Translocations | |  2.0

Action                   |  1- 3 |  4- 6 |  7- 9 | 10-12 | 13-15 | 16-18 | 19-21 | 22-24 | 25-27 || total
-------------------------+-------+-------+-------+-------+-------+-------+-------+-------+-------++-------
Melee: Club              |    10 |       |       |       |       |       |       |       |       ||    10
       Short sword       |    33 |       |       |       |       |       |       |       |       ||    33
       Tailslap          |     9 |    12 |    75 |   103 |   232 |   364 |   301 |   378 |   464 ||  1938
       Quarterstaff      |    80 |    54 |       |       |       |       |       |       |       ||   134
       Dagger            |       |    66 |   398 |       |       |       |       |       |       ||   464
       Punch             |       |     1 |     4 |    12 |    15 |       |       |       |       ||    32
       Eveningstar       |       |       |    33 |   647 |  1252 |  2011 |  1245 |  1428 |  1872 ||  8488
Throw: Dart              |       |       |    17 |     3 |       |       |       |       |       ||    20
       Boomerang         |       |       |       |       |       |       |    10 |       |       ||    10
Invok: Trog's Hand       |       |       |       |     8 |     6 |     9 |     8 |     6 |    13 ||    50
       Berserk           |       |       |       |     5 |     3 |       |     2 |     1 |     3 ||    14
       Brothers in Arms  |       |       |       |       |     3 |     4 |     2 |     3 |     3 ||    15
Evoke: Wand              |       |     2 |       |     5 |     1 |     1 |       |       |     7 ||    16
       Phantom mirror    |       |       |     1 |     1 |     1 |       |       |       |       ||     3
       Box of beasts     |       |       |       |     1 |       |       |       |       |     1 ||     2
       Condenser vane    |       |       |       |       |       |       |     2 |     1 |     1 ||     4
       Phial of floods   |       |       |       |       |       |       |     1 |     1 |       ||     2
  Use: Scroll            |     2 |     2 |    11 |    19 |     6 |     5 |     8 |     5 |    12 ||    70
       Potion            |       |       |     2 |     5 |     3 |     1 |     8 |       |    11 ||    30
 Stab: Paralysed         |       |       |     1 |     1 |       |       |       |       |       ||     2
       Distracted        |       |       |       |       |     1 |     1 |     2 |     2 |     1 ||     7
       Sleeping          |       |       |       |       |       |     1 |     8 |     6 |       ||    15
Armor: Ring mail         |    62 |    52 |     3 |       |       |       |       |       |       ||   117
       Scale mail        |       |       |   304 |   346 |       |       |       |       |       ||   650
       Plate armour      |       |       |       |   307 |   747 |  1447 |       |       |       ||  2501
       Chain mail        |       |       |       |       |   401 |       |       |       |       ||   401
       Swamp dragon scal |       |       |       |       |       |    67 |       |       |       ||    67
       Shadow dragon sca |       |       |       |       |       |   236 |   728 |  1027 |    44 ||  2035
       Gold dragon scale |       |       |       |       |       |       |       |       |  1271 ||  1271
Dodge: Dodged            |    64 |    64 |   216 |   242 |   221 |   430 |   267 |   352 |   822 ||  2678
Block: Kite shield       |       |       |       |       |   128 |   412 |   636 |   971 |  1217 ||  3364
       Tower shield      |       |       |       |       |    42 |       |       |       |       ||    42
       Buckler           |       |       |       |       |       |   475 |       |       |       ||   475

Table legend: (Time is in decaauts)
 A = Elapsed time spent in this place.
 B = Non-inter-level travel time spent in this place.
 C = Inter-level travel time spent in this place.
 D = Time resting spent in this place.
 E = Time spent auto-exploring this place.
 F = Levels seen in this place.
 G = Mean time per level.
                   A        B        C        D        E       F      G
               +--------+--------+--------+--------+--------+-----+--------+
         Total |  64185 |  56615 |   7570 |   8878 |  31331 |  53 | 1211.0 |
       Dungeon |  19466 |  16195 |   3271 |   2925 |   9414 |  15 | 1297.7 |
          Lair |   6407 |   5548 |    859 |    613 |   3624 |   5 | 1281.4 |
         Swamp |   3681 |   3341 |    340 |    722 |   1508 |   4 |  920.2 |
     Snake Pit |   5688 |   5079 |    609 |    756 |   2937 |   4 | 1422.0 |
  Orcish Mines |   1830 |   1354 |    476 |      2 |    919 |   2 |  915.0 |
   Elven Halls |   2041 |   1806 |    235 |    206 |   1075 |   2 | 1020.5 |
        Vaults |   8777 |   7881 |    896 |   1281 |   4325 |   5 | 1755.4 |
         Crypt |   3346 |   3157 |    189 |    302 |   1919 |   3 | 1115.3 |
        Depths |   5392 |   4863 |    529 |    646 |   2960 |   4 | 1348.0 |
           Zot |   3303 |   3141 |    162 |    435 |   1513 |   5 |  660.6 |
         Sewer |    387 |    387 |      0 |     97 |     93 |   1 |  387.0 |
      Ice Cave |   1298 |   1298 |      0 |    474 |    101 |   1 | 1298.0 |
        Wizlab |   1540 |   1540 |      0 |    275 |    659 |   1 | 1540.0 |
      Gauntlet |   1024 |   1024 |      0 |    141 |    281 |   1 | 1024.0 |
               +--------+--------+--------+--------+--------+-----+--------+

Top non-repeatable levels by time:
     D:6: 2470 daAuts
Vaults:2: 2223 daAuts
 Snake:4: 2060 daAuts
Vaults:5: 2050 daAuts
 Snake:3: 1696 daAuts
     D:9: 1627 daAuts
     D:3: 1547 daAuts
  WizLab: 1540 daAuts
Vaults:1: 1536 daAuts
 Crypt:3: 1531 daAuts
Vaults:4: 1510 daAuts
    D:15: 1483 daAuts
Depths:2: 1480 daAuts
    D:14: 1459 daAuts
Vaults:3: 1457 daAuts
